 Dungeon Crawl Stone Soup version 0.23-a0-338-g8ff0b24 (webtiles) character file.

736685 galech the Demonic Barricade (level 27, -5/231 HPs)
             Began as a Demonspawn Fighter on Oct 17, 2018.
             Was the Champion of Okawaru.
             Killed by the air
             ... invoked by a blizzard demon
              (8 damage)
             ... on level 7 of Cocytus on Oct 18, 2018.
             The game lasted 03:21:56 (83595 turns).

galech the Demonic Barricade (Demonspawn Fighter)  Turns: 83595, Time: 03:21:56

Health: -5/231     AC: 35    Str: 26      XL:     27
Magic:  29/29      EV: 22    Int: 12      God:    Okawaru [******]
Gold:   7534       SH: 39    Dex: 23 (26) Spells: 26/26 levels left

rFire    + + .     SeeInvis +   Z - +18 lance "Wyrmbane" {slay drac, rPois rF+ rC+ AC+3}
rCold    + + .     Gourm    .   Q - +1 large shield {rN+}
rNeg     + + .     Faith    .   S - +8 chain mail of Ulemmun {Str+5}
rPois    +         Spirit   .   (helmet unavailable)
rElec    +         Reflect  +   w - +2 cloak of Ycwamegu {Dex+2 Slay+3}
rCorr    .         Harm     .   A - +2 pair of gloves of Sorcery {+Blink MR+ Int+2 Stlth+}
MR       +++++                  b - +2 pair of boots of Instinct {rC+ rN+ MR+}
Stlth    +++.......             D - amulet of Odimaun {Reflect rElec MR+ Str+3 SH+2}
HPRegen  0.48/turn              N - +4 ring of evasion
MPRegen  0.21/turn              K - +3 ring of slaying

@: no status effects
A: antennae 3, talons 1, large bone plates 3, demonic guardian 3, fire
resistance 1, hurl damnation, foul stench 2, rot immunity, flame cloud immunity,
MP-powered wands
}: 5/15 runes: serpentine, barnacled, slimy, silver, abyssal
a: Hurl Damnation, Heroism, Finesse, Renounce Religion, Evoke Blink


You were on level 7 of Cocytus.
You worshipped Okawaru.
Okawaru was exalted by your worship.
You were not hungry.

You visited 14 branches of the dungeon, and saw 66 of its levels.
You visited the Abyss 2 times.
You visited 1 bazaar.
You also visited: Sewer, Ice Cave and Desolation.

You collected 11027 gold pieces.
You spent 3493 gold pieces at shops.

Inventory:

Hand Weapons
 a - a +9 broad axe of flaming
 Z - the +18 lance "Wyrmbane" (weapon) {slay drac, rPois rF+ rC+ AC+3}
   (You bought it in a shop on level 2 of the Orcish Mines)

   It affects your AC (+3).
   It protects you from fire.
   It protects you from cold.
   It protects you from poison.
Armour
 b - the +2 pair of boots of Instinct (worn) {rC+ rN+ MR+}
   (You found it on level 3 of the Elven Halls)

   It protects you from cold.
   It protects you from negative energy.
   It affects your resistance to hostile enchantments.
 e - the +4 scale mail "Pusmud" {*Drain rN++}
   (Okawaru gifted it to you in the Desolation of Salt)

   It greatly protects you from negative energy.
   It causes draining when unequipped.
 m - a +2 large shield of protection
 w - the +2 cloak of Ycwamegu (worn) {Dex+2 Slay+3}
   (You found it on level 3 of the Elven Halls)

   It affects your dexterity (+2).
   It affects your accuracy and damage with ranged weapons and melee attacks
   (+3).
 A - the +2 pair of gloves of Sorcery (worn) {+Blink MR+ Int+2 Stlth+}
   (Okawaru gifted it to you on level 3 of the Crypt)

   It affects your intelligence (+2).
   It affects your resistance to hostile enchantments.
   It lets you blink.
   It makes you more stealthy.
 G - the +1 large shield of Lifelessness {-Tele *Drain rPois rF+++}
   (Okawaru gifted it to you on level 5 of the Vaults)

   It renders you almost immune to fire.
   It protects you from poison.
   It prevents most forms of teleportation.
   It causes draining when unequipped.
 P - the +4 dragonskin cloak
   (You took it off Tiamat on level 2 of the Realm of Zot)
 Q - a +1 large shield of positive energy (worn)
 S - the +8 chain mail of Ulemmun (worn) {Str+5}
   (Okawaru gifted it to you on level 2 of the Vaults)

   It affects your strength (+5).
 Y - a +0 pair of boots of flying
Jewellery
 d - the amulet "Numn" {Acrobat rPois rN++ MR+ Stlth+}
   (You acquired it on level 5 of the Depths)

   [amulet of the acrobat]

   It helps you evade while moving and waiting.
   It protects you from poison.
   It greatly protects you from negative energy.
   It affects your resistance to hostile enchantments.
   It makes you more stealthy.
 h - an uncursed ring of resist corrosion
 s - the ring of Wisdom {+Fly rC+ Str+4 Int+3 SInv}
   (You took it off an ironbrand convoker on level 5 of the Vaults)

   [ring of flight]

   It affects your strength (+4).
   It affects your intelligence (+3).
   It protects you from cold.
   It lets you see invisible.
   It lets you fly.
 D - the amulet of Odimaun (around neck) {Reflect rElec MR+ Str+3 SH+2}
   (You found it in the Desolation of Salt)

   [amulet of reflection]

   It shields you and reflects attacks.
   It affects your strength (+3).
   It insulates you from electricity.
   It affects your resistance to hostile enchantments.
   It affects your SH (+2).
 I - an uncursed amulet of guardian spirit
 K - a +3 ring of slaying (right hand)
 N - a +4 ring of evasion (left hand)
 X - the amulet of Miusmahe {+Fly rF- Regen+ Str+7 Int-5}
   (You found it on level 5 of the Pits of Slime)

   [amulet of regeneration]

   It affects your strength (+7).
   It affects your intelligence (-5).
   It makes you vulnerable to fire.
   It lets you fly.
   It increases your rate of regeneration.
Wands
 J - a wand of digging (57)
Scrolls
 k - 24 scrolls of remove curse
 o - 18 scrolls of teleportation
 p - 11 scrolls of amnesia
 t - 7 scrolls of fog
 u - a scroll of brand weapon
 v - 13 scrolls of blinking
 z - 11 scrolls of identify
 E - 11 scrolls of enchant armour
 H - 4 scrolls of fear
 T - 7 scrolls of magic mapping
 V - a scroll of enchant weapon
Potions
 i - 4 potions of cancellation
 j - 5 potions of brilliance
 n - 5 potions of agility
 q - 4 potions of berserk rage
 r - 3 potions of resistance
 x - 11 potions of haste
 B - 4 potions of ambrosia
 C - a potion of flight
 F - 4 potions of curing
 L - 6 potions of magic
 M - 9 potions of mutation
 R - 8 potions of might
 W - 3 potions of invisibility
Miscellaneous
 c - the horn of Geryon
Comestibles
 f - 81 rations


   Skills:
 + Level 22.3 Fighting
 + Level 16.3(20.8) Axes
 + Level 21.7(23.3) Polearms
 + Level 15.9 Armour
 + Level 12.0 Dodging
 + Level 12.0 Stealth
 O Level 27 Shields
 + Level 0.1 Unarmed Combat
 + Level 8.6 Invocations
 + Level 0.9 Evocations


You had 26 spell levels left.
You didn't know any spells.
Your spell library contained the following spells:

 Spells                   Type           Power        Failure   Level  Hunger
 Animate Skeleton         Necr           N/A          77%         1    ##.....
 Beastly Appendage        Tmut           #.....       77%         1    ##.....
 Confusing Touch          Hex            #.....       77%         1    ##.....
 Corona                   Hex            #......      77%         1    ##.....
 Flame Tongue             Conj/Fire      #....        77%         1    ##.....
 Freeze                   Ice            #...         77%         1    ##.....
 Infusion                 Chrm           #...         77%         1    ##.....
 Magic Dart               Conj           #...         77%         1    ##.....
 Pain                     Necr           #...         77%         1    ##.....
 Sting                    Conj/Pois      #...         77%         1    ##.....
 Summon Small Mammal      Summ           #...         77%         1    ##.....
 Blink                    Tloc           N/A          88%         2    ###....
 Call Imp                 Summ           #.......     88%         2    ###....
 Corpse Rot               Necr           N/A          88%         2    ###....
 Ensorcelled Hibernation  Hex/Ice        #.....       88%         2    ###....
 Passwall                 Tmut/Erth      #.......     88%         2    ###....
 Poisonous Vapours        Pois/Air       #.....       88%         2    ###....
 Searing Ray              Conj           #.....       88%         2    ###....
 Shroud of Golubria       Chrm/Tloc      #.........   88%         2    ###....
 Slow                     Hex            #.......     88%         2    ###....
 Song of Slaying          Chrm           #.......     88%         2    ###....
 Sticks to Snakes         Tmut           #.......     88%         2    ###....
 Swiftness                Chrm/Air       #.......     88%         2    ###....
 Throw Flame              Conj/Fire      #.....       88%         2    ###....
 Throw Frost              Conj/Ice       #.....       88%         2    ###....
 Call Canine Familiar     Summ           #.......     98%         3    ####...
 Confuse                  Hex            #.......     98%         3    ####...
 Conjure Flame            Conj/Fire      #.......     98%         3    ####...
 Dazzling Spray           Conj/Hex       #.....       98%         3    ####...
 Gell's Gravitas          Tloc           #.........   98%         3    ####...
 Ignite Poison            Fire/Tmut/Pois #.......     98%         3    ####...
 Inner Flame              Hex/Fire       #.......     98%         3    ####...
 Lesser Beckoning         Tloc           #.........   98%         3    ####...
 Mephitic Cloud           Conj/Pois/Air  #.......     98%         3    ####...
 Ozocubu's Armour         Chrm/Ice       #.......     98%         3    ####...
 Portal Projectile        Hex/Tloc       #.....       98%         3    ####...
 Regeneration             Chrm/Necr      #.........   98%         3    ####...
 Spectral Weapon          Hex/Chrm       #.......     98%         3    ####...
 Spider Form              Tmut/Pois      #.........   98%         3    ####...
 Stone Arrow              Conj/Erth      #.....       98%         3    ####...
 Summon Guardian Golem    Hex/Summ       #.......     98%         3    ####...
 Teleport Other           Tloc           #.......     98%         3    ####...
 Tukima's Dance           Hex            #.......     98%         3    ####...
 Cause Fear               Hex            #.........   100%        4    #####..
 Force Lance              Conj/Tloc      #.......     100%        4    #####..
 Fulminant Prism          Conj/Hex       #.........   100%        4    #####..
 Ice Form                 Ice/Tmut       #.......     100%        4    #####..
 Iskenderun's Mystic Bla  Conj           #.......     100%        4    #####..
 Leda's Liquefaction      Hex/Erth       #.........   100%        4    #####..
 Olgreb's Toxic Radiance  Pois           #.......     100%        4    #####..
 Passage of Golubria      Tloc           N/A          100%        4    #####..
 Petrify                  Tmut/Erth      #.......     100%        4    #####..
 Sticky Flame             Conj/Fire      #.......     100%        4    #####..
 Summon Ice Beast         Ice/Summ       #.......     100%        4    #####..
 Summon Lightning Spire   Summ/Air       #.......     100%        4    #####..
 Throw Icicle             Conj/Ice       #.......     100%        4    #####..
 Agony                    Necr           #.......     100%        5    ######.
 Blade Hands              Tmut           #.........   100%        5    ######.
 Bolt of Magma            Conj/Fire/Erth #.........   100%        5    ######.
 Borgnjor's Vile Clutch   Necr/Erth      #.........   100%        5    ######.
 Dispel Undead            Necr           #.......     100%        5    ######.
 Excruciating Wounds      Chrm/Necr      #.........   100%        5    ######.
 Fireball                 Conj/Fire      #.........   100%        5    ######.
 Iskenderun's Battlesphe  Conj/Chrm      #.......     100%        5    ######.
 Lee's Rapid Deconstruct  Erth           #.........   100%        5    ######.
 Metabolic Englaciation   Hex/Ice        #.........   100%        5    ######.
 Summon Forest            Summ/Tloc      #.........   100%        5    ######.
 Venom Bolt               Conj/Pois      #.........   100%        5    ######.
 Yara's Violent Unravell  Hex/Tmut       #.........   100%        5    ######.
 Bolt of Fire             Conj/Fire      #.........   100%        6    #######
 Darkness                 Hex            #.........   100%        6    #######
 Death Channel            Necr           #.........   100%        6    #######
 Dispersal                Tloc           #.........   100%        6    #######
 Freezing Cloud           Conj/Ice/Air   #.........   100%        6    #######
 Hydra Form               Tmut           #.........   100%        6    #######
 Invisibility             Hex            #.......     100%        6    #######
 Iron Shot                Conj/Erth      #.........   100%        6    #######
 Simulacrum               Ice/Necr       #.........   100%        6    #######
 Statue Form              Tmut/Erth      #........    100%        6    #######
 Dragon Form              Tmut           #.........   100%        7    #######
 Haunt                    Necr/Summ      #.........   100%        7    #######
 Ring of Flames           Chrm/Fire      #.........   100%        7    #######
 Summon Hydra             Summ           #.........   100%        7    #######
 Controlled Blink         Tloc           N/A          100%        8    #######
 Disjunction              Tloc           #.........   100%        8    #######
 Ignition                 Fire           #.........   100%        8    #######
 Dragon's Call            Summ           #.........   100%        9    #######
 Shatter                  Erth           #.........   100%        9    #######
 Tornado                  Air            #.........   100%        9    #######


Dungeon Overview and Level Annotations

Branches:
Dungeon (15/15)            Temple (1/1) D:6            Lair (6/6) D:9
 Shoals (4/4) Lair:2        Snake (4/4) Lair:2        Slime (5/5) Lair:5
    Orc (2/2) D:12            Elf (3/3) Orc:2        Vaults (5/5) D:13
  Crypt (3/3) Vaults:3       Tomb (0/3) Crypt:3      Depths (5/5) D:15
   Hell (1/1)                 Dis (0/7) Hell            Geh (0/7) Hell
    Coc (7/7) Hell            Tar (0/7) Hell            Zot (5/5) Depths:5

Altars:
Ashenzari
Cheibriados
Elyvilon
Fedhas
Gozag
Hepliaklqana
Kikubaaqudgha
Makhleb
Nemelex Xobeh
Okawaru
Ru
Sif Muna
Trog
Uskayaw
Vehumet
Wu Jian
Xom
Yredelemnul
Zin
The Shining One
Jiyva

Shops:
D:6 *   D:8 !   D:9 %   D:11 *   Orc:2 [*%(   Elf:2 [   Vaults:1 (
Vaults:2 [:(}   Vaults:4 *   Depths:1 }%((}   Depths:4 *

Portals:
Hell: Depths:1 Depths:2 Depths:3 Depths:4 Depths:5
Abyss: Depths:4 Depths:5
Pandemonium: Depths:3
Ziggurat: Depths:3

Annotations:
Coc:7 exclusion: ice statue


Innate Abilities, Weirdness & Mutations

You have a pair of large antennae on your head. (SInv)
You are completely covered in large bone plates. (SH +8)
A powerful demonic guardian rushes to your aid.
Your flesh is heat resistant. (rF+)
You can hurl damnation.
You frequently emit foul miasma when damaged in melee.
You are immune to rotting.
You are immune to clouds of flame.
You have sharp toenails.
You expend magic power (3 MP) to strengthen your wands.


Message History

You impale the Ice Fiend!!
The Ice Fiend is heavily wounded.
The Ice Fiend gestures at you. The bolt of cold misses you.
You hit the Ice Fiend.
The Ice Fiend is heavily wounded.
The blizzard demon gestures at you. The bolt of lightning hits you! You resist.
* * * LOW HITPOINT WARNING * * *
The bolt of lightning hits you! You resist.
* * * LOW HITPOINT WARNING * * *
You barely miss the Ice Fiend.
The Ice Fiend is heavily wounded.
The Ice Fiend gestures at you. The bolt of cold misses you.
You hit the Ice Fiend but do no damage.
The Ice Fiend is heavily wounded.
The blizzard demon waves its arms in wide circles.
The air twists around and strikes you!
You die...

.≈.#########.≈.####.≈≈≈≈≈
≈≈≈.#.....#.≈≈≈....≈≈≈≈≈≈
≈≈≈ ≈.#.......#.≈≈≈≈≈≈≈≈≈≈≈≈
≈Z≈ #.........#.≈≈≈≈≈≈≈≈≈≈≈
≈≈≈≈ #...#.....#.≈≈≈≈≈≈≈≈≈≈≈
≈≈≈≈.#.........#.≈≈≈≈≈≈≈≈≈≈≈
≈≈≈≈.#.....#...#.≈≈≈≈≈≈≈≈≈≈≈
≈≈≈≈≈.#.......#.≈≈≈≈≈≈≈≈≈≈8#
≈≈≈≈≈≈≈#≈{#@.#.≈≈≈≈≈≈≈≈≈
≈≈≈≈E≈EE##1##.≈2≈≈≈≈≈≈≈
≈≈≈≈≈≈≈{..≈..≈≈≈≈≈≈≈≈≈≈
≈≈≈≈≈≈≈≈≈≈≈≈≈≈≈≈≈≈≈≈≈≈≈
≈###≈###≈≈≈≈≈≈≈≈#####≈≈ ##
########## #


You could see an Ice Fiend and a blizzard demon.

Vanquished Creatures
  the Royal Jelly (Slime:5)
  the Serpent of Hell (Coc:7)
  Khufu (Crypt:3)
  Mara (Vaults:3)
  Mennas (Crypt:2)
  An ancient lich (Crypt:3)
  The ghost of Nusoar the Conqueror, a master MiBe of Trog (Zot:3)
  2 greater mummies (Crypt:3)
  Sojobo (Vaults:2)
  11 shard shrikes
  Vashnia (Snake:4)
  Xtahua (Depths:4)
  2 curse toes
  4 golden dragons
  Geryon (Hell)
  5 bone dragons
  A hellephant (Depths:3)
  9 liches
  12 Ice Fiends
  9 tentacled monstrosities
  4 quicksilver dragons
  3 deep elf blademasters
  6 titans (Vaults:5)
  12 acid blobs
  4 ancient champions
  The ghost of Goad the Phalangite, an adept MfBe of Trog (Shoals:2)
  2 krakens (Shoals:4)
  2 thorn hunters
  3 sphinxes
  4 draconian monks
  4 death cobs
  Roxanne (Elf:3)
  8 storm dragons
  3 tentacled starspawn
  8 shadow dragons
  6 tengu reavers
  6 draconian knights
  2 revenants (Crypt:2)
  15 azure jellies
  10 frost giants
  8 nagarajas
  10 deep elf sorcerers
  6 fire giants
  An imperial myrmidon (Desolation)
  4 draconian shifters
  13 vault wardens
  2 emperor scorpions (Depths:2)
  2 cacodemons
  2 draconian scorchers
  2 orc warlords
  4 deep elf elementalists
  10 war gargoyles
  11 ironheart preservers
  A curse skull (Crypt:1)
  A spriggan defender (Depths:3)
  3 elemental wellsprings
  8 draconian annihilators
  16 reapers
  4 draconian stormcallers
  17 stone giants
  14 very ugly things
  12 vampire knights
  A lorocyproca (Depths:5)
  16 green draconians
  A deep elf demonologist (Elf:3)
  2 grey draconians (Depths:5)
  8 red draconians
  The ghost of Todyroat the Unseen, a journeyman SpVM of Gozag (Shoals:2)
  8 black draconians
  11 yellow draconians
  9 white draconians
  2 halazid warlocks (Desolation)
  11 purple draconians
  6 deep elf annihilators
  13 dire elephants
  3 green deaths
  9 deep elf death magi
  4 spark wasps
  12 ettins
  3 merfolk javelineers (Shoals:4)
  9 crystal guardians
  4 eidola
  The ghost of galech the Cleaver, a journeyman DsFi of Okawaru (Orc:2)
  12 blizzard demons
  6 death oozes
  6 fire dragons
  2 quicksilver dragon zombies
  10 merfolk impalers
  A spectral quicksilver dragon (Zot:3)
  11 jiangshi
  An ice dragon (shapeshifter) (Vaults:2)
  7 ragged hierophants (Desolation)
  8 deep elf high priests
  14 yaktaur captains
  2 kraken zombies (Coc:2)
  The ghost of Xoff the Fighter, a journeyman MiFi of Okawaru (D:11)
  4 hydras
  32 vault guards
  20 ice dragons
  The ghost of Kufareon the Nimble, a journeyman OpFi of Cheibriados (Lair:3)
  11 great orbs of eyes
  4 rakshasas
  2 quicksilver dragon skeletons
  Erolcha (D:10)
  3 servants of whispers (Desolation)
  5 merfolk avatars
  12 naga warriors
  7 peacekeepers (Desolation)
  22 two-headed ogres
  2 spriggan air magi
  9 anacondas
  10 centaur warriors
  2 catoblepae (Lair:6)
  4 merfolk aquamancers (Shoals:4)
  2 spectral draconians (Zot:3)
  2 death knights
  4 deep troll shamans
  A satyr (Abyss:3)
  An alligator (Depths:2)
  2 thrashing horrors (Abyss:3)
  A queen ant (Lair:2)
  6 titan zombies
  31 dancing weapons
  5 hell hogs
  12 death yaks
  3 tengu warriors
  9 ogre magi
  16 naga sharpshooters
  5 deep troll earth magi
  2 vampire magi (Crypt:1)
  7 orc high priests
  11 sun demons
  4 soul eaters
  4 storm dragon zombies (Coc:7)
  17 deep elf knights
  3 shock serpents
  Nergalle (D:10)
  A wretched star (Abyss:3)
  20 hell knights
  2 iron golems
  72 skeletal warriors
  4 iron trolls
  A storm dragon skeleton (Crypt:2)
  4 salamander mystics
  2 shadow wraiths
  A spectral red draconian (Zot:3)
  A flayed ghost (Abyss:3)
  A sixfirhy (Depths:5)
  A death drake (shapeshifter) (Vaults:5)
  13 deep trolls
  18 sea snakes
  5 anaconda zombies
  2 golden dragon zombies (Coc:2)
  An iron giant zombie (Crypt:1)
  3 glowing orange brains
  A tengu zombie (Vaults:4)
  3 unseen horrors
  3 shadow dragon zombies
  4 deep elf archers
  12 harpies
  2 anaconda skeletons
  A harpy (shapeshifter) (Depths:2)
  12 naga ritualists
  A wizard (Depths:4)
  A kraken simulacrum (Hell)
  14 phantasmal warriors
  2 swamp dragons (Depths:2)
  21 orc knights
  A sphinx zombie (Depths:1)
  13 ironbrand convokers
  9 mana vipers
  A lindwurm (shapeshifter) (Vaults:5)
  23 ugly things
  7 wolf spiders
  39 deep elf magi
  6 shadow dragon skeletons
  2 wolf spider zombies
  11 manticores
  2 orb spiders (Depths:2)
  17 necromancers
  A fire giant zombie (Depths:1)
  A human zombie (Vaults:4)
  3 frost giant zombies
  4 shining eyes
  4 salamanders
  8 orc sorcerers
  4 cyclopes
  2 stone giant zombies
  An iron dragon skeleton (Coc:7)
  15 merfolk sirens
  2 shock serpent zombies (Coc:5)
  3 worldbinders (Abyss:3)
  12 elephants
  12 moths of wrath
  3 ice statues
  2 fire giant skeletons (Coc:7)
  A stone giant skeleton (Crypt:2)
  5 rust devils
  5 frost giant skeletons
  37 black mambas
  2 apocalypse crabs (Abyss:3)
  14 naga magi
  5 smoke demons
  A molten gargoyle (Depths:5)
  A guardian serpent (shapeshifter) (Depths:1)
  5 spiny frogs
  5 titan simulacra (Coc:7)
  8 water nymphs
  11 vault sentinels
  5 guardian serpents (Snake:4)
  A spiny frog (shapeshifter) (Vaults:4)
  5 gargoyles
  2 centaur skeletons
  A rime drake (shapeshifter) (D:14)
  4 storm dragon simulacra
  A catoblepas zombie (Coc:3)
  9 komodo dragons
  6 anaconda simulacra (Coc:7)
  A dire elephant skeleton (Coc:4)
  An alligator snapping turtle skeleton (Crypt:2)
  37 yaktaurs
  2 tengu conjurers
  33 freezing wraiths
  34 ice devils
  2 rime drakes (Shoals:4)
  2 catoblepas skeletons
  2 red devils
  5 tormentors
  13 hydra zombies
  A spectral moth of wrath (Zot:3)
  3 hellwings
  5 trolls
  A minotaur skeleton (Crypt:2)
  A golden dragon simulacrum (Zot:3)
  43 merfolk
  A queen ant zombie (Crypt:1)
  A harpy zombie (Coc:4)
  A polar bear (shapeshifter) (Depths:1)
  A meliai (shapeshifter) (D:15)
  2 fire dragon zombies
  2 hornets (Lair:3)
  3 polar bears (Lair:6)
  26 saltlings (Desolation)
  2 shadow dragon simulacra
  A death drake skeleton (Crypt:2)
  A queen bee (Lair:3)
  8 wind drakes
  2 harpy skeletons
  A jumping spider (shapeshifter) (Vaults:5)
  2 fire giant simulacra
  The ghost of eyesofgods1 the Caller, an amateur GnSu of Sif Muna (D:4)
  A slime creature (shapeshifter) (Depths:3)
  22 blink frogs
  10 dream sheep
  A blink frog (shapeshifter) (Vaults:4)
  10 hippogriffs
  11 hydra skeletons
  6 bog bodies (Coc:7)
  3 ettin zombies
  9 snapping turtles
  3 alligator zombies
  62 flying skulls
  58 slime creatures
  A meliai zombie (D:14)
  3 black mamba zombies
  A redback (shapeshifter) (Vaults:5)
  3 ettin skeletons
  A fire dragon skeleton (Crypt:1)
  An alligator skeleton (Crypt:3)
  An ice dragon skeleton (Coc:4)
  A tarantella (shapeshifter) (Depths:1)
  4 wyverns
  20 water elementals
  4 fire bats (Depths:3)
  5 shadows
  7 air elementals
  3 large abominations (Abyss:3)
  9 wraiths
  2 wyverns (shapeshifter)
  23 yaks
  10 fire elementals
  2 humans (shapeshifter)
  3 steam dragons
  5 hungry ghosts
  A chaos spawn (Abyss:3)
  6 vampire mosquitoes (D:15)
  3 golden eyes
  4 basilisks
  3 small abominations (Abyss:3)
  A neqoxec (Abyss:3)
  2 merfolk zombies
  2 wargs
  4 soldier ants (Lair:2)
  4 acid dragons
  6 spiny frog zombies
  Duvessa (D:7)
  54 nagas
  5 hydra simulacra (Coc:7)
  8 hell hounds (Depths:1)
  11 water moccasins
  8 porcupines
  40 orc warriors
  13 ice beasts
  2 snapping turtle zombies
  A manticore zombie (Coc:2)
  A hornet zombie (D:11)
  5 moth of wrath simulacra (Zot:3)
  An ettin simulacrum (Coc:7)
  4 sky beasts
  3 slaves
  A spiny frog skeleton (Hell)
  2 alligator simulacra
  2 fire dragon simulacra
  6 necrophages (Crypt:3)
  6 wolves (Lair:2)
  A manticore skeleton (Crypt:1)
  6 eyes of draining
  32 ogres
  13 boggarts (Depths:1)
  A swamp dragon skeleton (Crypt:3)
  3 centaurs
  3 snapping turtle skeletons
  16 crocodiles
  5 big kobolds
  Blork the orc (D:6)
  2 gnoll sergeants (D:12)
  12 bullfrogs
  4 earth elementals
  2 spiny frog simulacra
  2 wyvern skeletons
  Dowan (D:7)
  A cyclops skeleton (Crypt:1)
  The ghost of TheNamelessOne the Shield-Bearer, a weakling DDFi (D:3)
  4 scorpions
  A snapping turtle simulacrum (Crypt:1)
  18 killer bees
  2 human simulacra
  14 wights
  5 electric eels
  A howler monkey (D:4)
  15 crimson imps
  2 bullfrog zombies
  A quasit (D:11)
  4 hounds
  A centaur zombie (D:8)
  15 orc priests
  4 jellies
  12 orc wizards
  3 iron imps
  Crazy Yiuf (D:7)
  Jessica (D:3)
  2 iguanas
  A human skeleton (Coc:5)
  5 hell rats
  29 worker ants
  A statue (D:9)
  A tengu skeleton (Crypt:1)
  A hound zombie (D:6)
  6 mummies
  A worker ant zombie (D:6)
  A howler monkey zombie (D:11)
  13 adders
  11 gnolls
  4 shadow imps
  32 white imps
  9 ufetubi
  7 oozes
  An iguana skeleton (Crypt:1)
  3 worms
  11 leopard geckos
  78 orcs
  8 ball pythons
  7 bats
  19 giant cockroaches
  7 goblins
  7 hobgoblins
  7 jackals
  6 kobolds
  4 quokkas
  12 frilled lizards
  A jackal skeleton (D:6)
  A kobold skeleton (Crypt:2)
  10 rats
  A briar patch (Abyss:3)
  2 fungi
  A pillar of salt (Elf:1)
  8 plants
  3 starspawn tentacles (Abyss:1)
  6 tentacles
  A withered plant (D:9)
2701 creatures vanquished.

Vanquished Creatures (collateral kills)
  Tiamat (Zot:2)
  An ancient lich (Depths:4)
  A juggernaut (Depths:2)
  A shard shrike (Coc:2)
  A lich (Depths:1)
  A tentacled monstrosity (Hell)
  A titan (Vaults:5)
  An acid blob (Slime:5)
  A death cob (Zot:4)
  A sphinx (Depths:2)
  A shadow dragon (Zot:1)
  2 storm dragons
  A thorn hunter (Depths:2)
  Donald (Orc:2)
  A draconian monk (Zot:3)
  An azure jelly (Slime:5)
  A deep elf sorcerer (Abyss:3)
  A nagaraja (Snake:4)
  A fire giant (Depths:1)
  A draconian knight (Zot:3)
  An orc warlord (D:15)
  A ghost moth (Zot:3)
  3 deep elf elementalists
  3 vault wardens
  A draconian shifter (Zot:1)
  3 very ugly things (Depths:3)
  An ironheart preserver (Vaults:4)
  2 reapers
  3 stone giants
  A purple draconian (Zot:3)
  2 red draconians
  2 deep elf death magi (Elf:3)
  Snorg (D:14)
  2 blizzard demons
  The ghost of Garbasso the Thrower, a journeyman TrAM of Okawaru (Lair:2)
  A merfolk impaler (Shoals:4)
  A great orb of eyes (Depths:4)
  2 vault guards (Vaults:4)
  A peacekeeper (Desolation)
  An ice dragon (Coc:7)
  A deep elf high priest (Elf:3)
  A catoblepas (Lair:6)
  2 rakshasas
  A centaur warrior (D:15)
  2 dancing weapons
  8 two-headed ogres
  A deep troll shaman (Depths:3)
  2 ogre magi
  An orc high priest (Elf:1)
  4 death yaks
  A hell knight (Depths:3)
  A deep troll earth mage (Depths:3)
  2 deep elf knights (Elf:3)
  A thrashing horror (Abyss:3)
  2 soul eaters
  A skeletal warrior (Crypt:3)
  A large abomination (Abyss:3)
  An iron troll (Depths:3)
  A sea snake (Snake:3)
  A storm dragon skeleton (Coc:5)
  8 deep trolls
  3 deep elf archers
  A wizard (Depths:1)
  A glowing orange brain (Vaults:2)
  Pikel (D:7)
  2 ironbrand convokers
  A shadow dragon zombie (Coc:2)
  A wolf spider (Depths:2)
  6 orc knights
  2 orc sorcerers
  9 deep elf magi
  2 salamanders
  A fire giant skeleton (Coc:7)
  3 ugly things
  A dire elephant zombie (Coc:2)
  An ice statue (IceCv)
  A vault sentinel (Vaults:2)
  A frost giant skeleton (Coc:5)
  2 titan simulacra
  2 black mambas
  A naga mage (Snake:3)
  A freezing wraith (Vaults:5)
  2 spiny frogs
  A kobold demonologist (D:15)
  4 yaktaurs
  A tormentor (Coc:5)
  2 hydra zombies
  An ancient zyme (Abyss:3)
  A hellwing (Abyss:3)
  4 ice devils
  A queen bee (D:9)
  A troll (D:11)
  A hydra skeleton (Hell)
  10 blink frogs
  A hippogriff (Lair:4)
  3 slime creatures
  13 saltlings (Desolation)
  2 dream sheep (Lair:5)
  10 yaks
  2 wyverns (Depths:5)
  A vampire (Abyss:3)
  A fire elemental (Elf:1)
  An ice dragon skeleton (Hell)
  4 basilisks
  A hungry ghost (D:12)
  3 nagas
  3 soldier ants (Lair:2)
  A porcupine (D:9)
  3 hell hounds (Depths:1)
  A black bear (shapeshifter) (D:13)
  3 ice beasts
  5 orc warriors
  A black bear (D:9)
  4 ogres
  A boggart (Depths:1)
  2 wolves
  A small abomination (Abyss:3)
  A snapping turtle skeleton (Crypt:3)
  2 centaurs
  A crocodile (D:9)
  A bullfrog (Lair:4)
  A big kobold (D:12)
  A jelly (Depths:2)
  A scorpion (D:4)
  8 killer bees
  2 crimson imps (Depths:3)
  An iron imp (Hell)
  An orc wizard (D:8)
  4 worker ants (Lair:2)
  2 iguanas (D:9)
  A tengu skeleton (Coc:2)
  2 white imps
  An ufetubus (Depths:3)
  An ooze (Sewer)
  8 orcs
  A ball python skeleton (D:4)
276 creatures vanquished.

Vanquished Creatures (others)
  A golden dragon (Depths:5)
  A deep elf master archer (Elf:3)
  An eldritch tentacle (Coc:4)
  A draconian stormcaller (Zot:1)
  A reaper (IceCv)
  An elemental wellspring (Coc:5)
  A stone giant (Vaults:1)
  4 yaktaur captains
  A merfolk javelineer (Shoals:4)
  A deep elf high priest (Elf:3)
  An ogre mage (Vaults:4)
  An ice dragon (Coc:2)
  A peacekeeper (Desolation)
  3 centaur warriors
  A hell hog (Hell)
  A naga sharpshooter (Snake:2)
  5 deep elf archers
  A necromancer (Hell)
  A salamander (Depths:4)
  A moth of wrath (Zot:2)
  5 cyclopes
  A naga mage (Snake:4)
  A black mamba (Snake:4)
  18 yaktaurs
  A troll (Elf:1)
  A redback (Depths:2)
  A water elemental (Coc:7)
  A naga (Snake:4)
  2 orc warriors
  An ogre (Vaults:3)
  2 centaurs
  A boggart (Depths:1)
  An orc wizard (Orc:2)
  3 white imps
  4 ufetubi (IceCv)
  4 orcs
  2 kobolds (D:9)
  83 fungi
  4 pillars of salt (Elf:1)
  54 plants
  3 starspawn tentacles
  29 tentacles
251 creatures vanquished.

Grand Total: 3228 creatures vanquished

Notes
Turn   | Place    | Note
-------+----------+-------------------------------------------
     0 | D:1      | galech the Demonspawn Fighter began the quest for the Orb.
     0 | D:1      | Reached XP level 1. HP: 18/18 MP: 1/1
    97 | D:1      | Gained mutation: You have a pair of small antennae on your
                  | head. [demonic ancestry]
    97 | D:1      | Reached XP level 2. HP: 21/24 MP: 2/2
   238 | D:1      | Reached skill level 3 in Shields
   872 | D:2      | Gained mutation: You have a pair of antennae on your head.
                  | [demonic ancestry]
   872 | D:2      | Reached XP level 3. HP: 23/29 MP: 3/3
  1126 | D:2      | Found a white marble altar of Elyvilon.
  1463 | D:3      | Found a snail-covered altar of Cheibriados.
  1505 | D:3      | Noticed an orc warrior
  1888 | D:3      | Killed an orc warrior
  1888 | D:3      | Gained mutation: A weak demonic guardian rushes to your
                  | aid. [demonic ancestry]
  1888 | D:3      | Reached XP level 4. HP: 28/35 MP: 4/4
  1888 | D:3      | Reached XP level 5. HP: 33/41 MP: 5/5
  1972 | D:3      | Noticed an angel
  1973 | D:3      | Found a glowing silver altar of Zin.
  2075 | D:3      | Noticed Jessica
  2083 | D:3      | Killed Jessica
  2191 | D:3      | Noticed an orc warrior
  2192 | D:3      | Noticed TheNamelessOne's ghost (weakling DDFi)
  2196 | D:3      | Found a transporter.
  2205 | D:3      | Found a transporter.
  2551 | D:4      | Noticed an orc warrior
  3067 | D:3      | Killed an orc warrior
  3067 | D:3      | Reached skill level 4 in Shields
  3067 | D:3      | Reached XP level 6. HP: 33/47 MP: 6/6
  3190 | D:4      | Reached skill level 1 in Dodging
  3378 | D:4      | Noticed a sky beast
  3392 | D:4      | Killed a sky beast
  3392 | D:4      | Reached XP level 7. HP: 24/53 MP: 7/7
  3691 | D:4      | Found a runed gate.
  3693 | D:4      | Found an opulent altar of Gozag.
  3695 | D:4      | Found a runed gate.
  3695 | D:4      | Found a runed gate.
  3695 | D:4      | Noticed eyesofgods1's ghost (amateur GnSu)
  3748 | D:4      | Found a bloodstained altar of Trog.
  3780 | D:4      | Got an ichor-stained ring mail
  3791 | D:4      | Identified the +4 ring mail of Ymmu {-Cast rElec SInv} (You
                  | found it on level 4 of the Dungeon)
  4102 | D:5      | Entered Level 5 of the Dungeon
  4252 | D:5      | Found a glowing drain.
  4263 | Sewer    | Entered a sewer
  4400 | Sewer    | Reached skill level 5 in Axes
  4655 | Sewer    | Reached skill level 1 in Stealth
  4953 | D:5      | Got an ebony hand axe
  4954 | D:5      | Identified the +4 hand axe "Zucem" {elec, +Blink rPois
                  | Int-4} (You found it on level 5 of the Dungeon)
  5019 | D:5      | Found a hazy altar of Hepliaklqana.
  5181 | D:5      | Reached skill level 5 in Shields
  5181 | D:5      | Reached XP level 8. HP: 60/60 MP: 8/8
  5263 | D:6      | Found a staircase to the Ecumenical Temple.
  5303 | D:6      | Found Nienioc's General Store.
  5411 | Temple   | Entered the Ecumenical Temple
  5420 | Temple   | Became a worshipper of Warmaster Okawaru
  5672 | D:6      | Noticed Blork the orc
  5682 | D:6      | Killed Blork the orc
  5856 | D:7      | Found a hide-covered altar of Uskayaw.
  5988 | D:7      | Reached * piety under Okawaru
  6236 | D:7      | Found an ornate altar of the Wu Jian Council.
  6314 | D:7      | Found a runed door.
  6332 | D:7      | Noticed Dowan
  6333 | D:7      | Noticed Duvessa
  6333 | D:7      | Noticed Pikel
  6376 | D:7      | Killed Duvessa
  6376 | D:7      | Reached skill level 6 in Shields
  6381 | D:7      | Killed Dowan
  6430 | D:7      | Killed Pikel
  6430 | D:7      | Reached skill level 5 in Armour
  6430 | D:7      | Gained mutation: A demonic guardian rushes to your aid.
                  | [demonic ancestry]
  6430 | D:7      | Reached XP level 9. HP: 28/66 MP: 9/9
  6566 | D:7      | Found a sacrificial altar of Ru.
  6789 | D:7      | Noticed Crazy Yiuf
  6792 | D:7      | Killed Crazy Yiuf
  6898 | D:3      | Killed TheNamelessOne's ghost
  6995 | D:4      | Killed eyesofgods1's ghost
  7243 | D:8      | Found a burning altar of Makhleb.
  7284 | D:8      | Found Waaly's Distillery.
  7289 | D:8      | Bought a potion of berserk rage for 65 gold pieces
  7289 | D:8      | Bought a potion of mutation for 104 gold pieces
  7429 | D:8      | Reached ** piety under Okawaru
  7436 | D:8      | Reached skill level 7 in Shields
  7798 | D:8      | Found a shimmering altar of Xom.
  7826 | D:8      | Reached skill level 5 in Fighting
  8007 | D:9      | Found Pybon's Food Shoppe.
  8047 | D:9      | Found a deep blue altar of Sif Muna.
  8098 | D:9      | Found a staircase to the Lair.
  8111 | D:9      | Reached *** piety under Okawaru
  8116 | D:9      | Gained mutation: You are partially covered in large bone
                  | plates. (SH +4) [demonic ancestry]
  8116 | D:9      | Reached XP level 10. HP: 50/74 MP: 10/10
  8302 | D:9      | Found a basalt altar of Yredelemnul.
  8315 | D:9      | Found a sparkling altar of Nemelex Xobeh.
  8358 | D:9      | Reached **** piety under Okawaru
  8944 | D:9      | Reached skill level 8 in Shields
  8984 | D:9      | Found a radiant altar of Vehumet.
  9184 | D:10     | Entered Level 10 of the Dungeon
  9314 | D:10     | Noticed Erolcha
  9324 | D:10     | Killed Erolcha
  9443 | D:10     | Noticed Nergalle
  9454 | D:10     | Killed Nergalle
  9950 | D:10     | Noticed a gargoyle
  9960 | D:10     | Killed a gargoyle
 10097 | D:11     | Noticed an unseen horror
 10106 | D:11     | Killed an unseen horror
 10106 | D:11     | Reached ***** piety under Okawaru
 10106 | D:11     | Gained mutation: You are mostly covered in large bone
                  | plates. (SH +6) [demonic ancestry]
 10106 | D:11     | Reached XP level 11. HP: 75/81 MP: 11/11
 10279 | D:11     | Noticed a purple ugly thing
 10299 | D:11     | Killed a purple ugly thing
 10299 | D:11     | Reached skill level 9 in Shields
 10546 | D:11     | Found a transporter.
 10556 | D:11     | Found a transporter.
 10557 | D:11     | Found Owniv's Assorted Antiques.
 10557 | D:11     | Noticed Xoff's ghost (journeyman MiFi)
 10561 | D:11     | Noticed a two-headed ogre
 10565 | D:11     | Noticed a two-headed ogre
 10580 | D:11     | Bought a scroll of magic mapping for 112 gold pieces
 10924 | D:11     | Noticed a centaur warrior
 10928 | D:11     | Killed a centaur warrior
 10928 | D:11     | Reached skill level 5 in Dodging
 11005 | D:11     | Got a distressingly furry chain mail
 11016 | D:11     | Identified the +9 chain mail "Niaqoyzeo" {Str+3 Int+4} (You
                  | found it on level 11 of the Dungeon)
 11074 | D:11     | Reached skill level 5 in Stealth
 11364 | D:12     | Found a frozen archway.
 11368 | IceCv    | Entered an ice cave
 11483 | IceCv    | Killed a reaper
 11658 | IceCv    | Received a gift from Okawaru
 11666 | IceCv    | Got a steaming cloak {god gift}
 11677 | IceCv    | Identified the +0 cloak "Hits" {rC+} (Okawaru gifted it to
                  | you in an ice cave)
 11805 | IceCv    | Reached skill level 10 in Shields
 11880 | IceCv    | Reached skill level 10 in Axes
 12307 | D:12     | Noticed a cyan ugly thing
 12320 | D:12     | Killed a cyan ugly thing
 12903 | D:12     | Found a staircase to the Orcish Mines.
 12989 | Orc:1    | Entered Level 1 of the Orcish Mines
 13039 | Orc:1    | Noticed a two-headed ogre
 13048 | Orc:1    | Killed a two-headed ogre
 13048 | Orc:1    | Reached skill level 1 in Invocations
 13048 | Orc:1    | Reached XP level 12. HP: 79/89 MP: 12/12
 13291 | Orc:2    | Entered Level 2 of the Orcish Mines
 13504 | Orc:2    | Found a staircase to the Elven Halls.
 13763 | Orc:2    | Noticed an orc high priest
 13778 | Orc:2    | Killed an orc high priest
 13823 | Orc:2    | Noticed an orc high priest
 13931 | Orc:2    | Received a gift from Okawaru
 13931 | Orc:2    | Reached skill level 11 in Shields
 14009 | Orc:2    | Noticed galech's ghost (journeyman DsFi)
 14028 | Orc:2    | Found a transporter.
 14448 | Orc:2    | Found a transporter.
 14499 | Orc:2    | Noticed Donald
 14516 | Orc:2    | Killed Donald
 14779 | Orc:2    | Noticed an orc high priest
 14800 | Orc:2    | Killed an orc high priest
 14801 | Orc:2    | Killed an orc high priest
 14859 | Orc:2    | Found Cuiwnap's Food Shoppe.
 14859 | Orc:2    | Found Anisuq Diff's Antique Weapon Boutique.
 14861 | Orc:2    | Paralysed by an orc sorcerer for 4 turns
 14872 | Orc:2    | Found Jokin's Armour Shoppe.
 14872 | Orc:2    | Found Paqunuackifa's Assorted Antiques.
 14914 | Orc:2    | Bought a scroll of identify for 68 gold pieces
 15393 | Lair:1   | Entered Level 1 of the Lair of Beasts
 15400 | Lair:1   | Received a gift from Okawaru
 16399 | Lair:2   | Noticed an eight-headed hydra
 16406 | Lair:2   | Killed a four-headed hydra
 16420 | Lair:2   | Noticed Garbasso's ghost (journeyman TrAM)
 16452 | Lair:2   | Found a staircase to the Snake Pit.
 16515 | Lair:2   | Found a runed gate.
 16519 | Lair:2   | Found a runed gate.
 16519 | Lair:2   | Found a runed gate.
 16611 | Lair:2   | Gained mutation: You have a pair of large antennae on your
                  | head. (SInv) [demonic ancestry]
 16611 | Lair:2   | Reached XP level 13. HP: 81/98 MP: 10/14
 16744 | Lair:2   | Found a staircase to the Shoals.
 16906 | Lair:2   | Reached ****** piety under Okawaru
 17332 | Lair:3   | Received a gift from Okawaru
 17495 | Lair:3   | Noticed Kufareon's ghost (journeyman OpFi)
 17554 | Lair:3   | Found a transporter.
 17857 | Lair:3   | Found a transporter.
 18077 | Lair:3   | Reached skill level 12 in Shields
 18093 | Lair:3   | Killed Kufareon's ghost
 18334 | Lair:4   | Received a gift from Okawaru
 18350 | Lair:4   | Got a polished executioner's axe {god gift}
 18356 | Lair:4   | Identified the +7 executioner's axe "Ninefots" {antimagic,
                  | rElec Dex+4} (Okawaru gifted it to you on level 4 of the
                  | Lair of Beasts)
 19307 | Lair:5   | Received a gift from Okawaru
 19567 | Lair:5   | Found a staircase to the Slime Pits.
 19950 | Lair:6   | Entered Level 6 of the Lair of Beasts
 19966 | Lair:6   | Gained mutation: You are immune to rotting. [demonic
                  | ancestry]
 19966 | Lair:6   | Reached XP level 14. HP: 98/108 MP: 12/15
 19976 | Lair:6   | Reached skill level 15 in Axes
 20730 | Lair:6   | Reached skill level 10 in Fighting
 20761 | Lair:6   | Got a bloodstained leather armour
 20772 | Lair:6   | Identified the +2 leather armour of Mel Suic {+Inv} (You
                  | found it on level 6 of the Lair of Beasts)
 20829 | Lair:6   | Received a gift from Okawaru
 21516 | Lair:2   | Killed Garbasso's ghost
 21767 | D:11     | Killed Xoff's ghost
 21929 | Orc:2    | Reached skill level 13 in Shields
 21938 | Orc:2    | Killed galech's ghost
 22457 | D:13     | Found a gate to the Vaults.
 22475 | D:13     | Gained mutation: You may emit foul miasma when damaged in
                  | melee. [demonic ancestry]
 22475 | D:13     | Reached XP level 15. HP: 111/117 MP: 3/17
 22475 | D:13     | Received a gift from Okawaru
 22497 | D:13     | Got an ominously black robe {god gift}
 22508 | D:13     | Identified the +4 robe "Forget-Me-Not" {rC+} (Okawaru
                  | gifted it to you on level 13 of the Dungeon)
 22797 | Orc:2    | Bought the +8 lance "Wyrmbane" {slay drac, rPois rF+ rC+
                  | AC+3} for 2424 gold pieces
 22797 | Orc:2    | Found the +8 lance "Wyrmbane" {slay drac, rPois rF+ rC+
                  | AC+3}
 23180 | D:14     | Noticed Snorg
 23192 | D:14     | Killed Snorg
 23630 | D:13     | Reached skill level 1 in Polearms
 23867 | D:14     | Found the +4 robe of Augmentation {Str+4 Int+4 Dex+4}
 24441 | D:15     | Entered Level 15 of the Dungeon
 24894 | D:15     | Found a staircase to the Depths.
 25310 | Depths:1 | Entered Level 1 of the Depths
 25321 | Depths:1 | Reached skill level 5 in Polearms
 25374 | Depths:1 | Noticed an orc warlord
 25374 | Depths:1 | Noticed an orc warlord
 25394 | Depths:1 | Killed an orc warlord
 25598 | D:15     | Received a gift from Okawaru
 25602 | D:15     | Killed an orc warlord
 25987 | Depths:1 | Got a brightly glowing pewter ring
 25993 | Depths:1 | Identified the ring "Voobb" {Fire rPois} (You found it on
                  | level 1 of the Depths)
 26474 | Depths:1 | Found Ofurphos's Weapon Shop.
 26475 | Depths:1 | Found Poletem's Antique Weapon Shop.
 26475 | Depths:1 | Found Darritt's Food Boutique.
 26620 | Depths:1 | Found Qocadiz's Gadget Boutique.
 26620 | Depths:1 | Paralysed by a vampire knight for 5 turns
 26682 | Depths:1 | Found Gycacias's Gadget Boutique.
 26724 | Depths:1 | Noticed a fire giant
 27012 | Depths:1 | Received a gift from Okawaru
 27087 | Depths:1 | Reached XP level 16. HP: 75/125 MP: 14/19
 27513 | Depths:1 | Reached skill level 10 in Armour
 27513 | Depths:1 | Reached skill level 14 in Shields
 28235 | Depths:1 | Found a gateway to Hell.
 28256 | Depths:1 | Noticed a lich
 28294 | Depths:1 | Killed a lich
 28294 | Depths:1 | Received a gift from Okawaru
 29128 | Depths:1 | Noticed a lich
 29436 | Depths:1 | Paralysed by a lich for 7 turns
 29446 | Depths:1 | Killed a lich
 30236 | Elf:1    | Entered Level 1 of the Elven Halls
 30340 | Elf:1    | Found a flickering gateway to a bazaar.
 30350 | Bazaar   | Entered a bazaar
 30354 | Bazaar   | Found Myvofac's Jewellery Boutique.
 30372 | Bazaar   | Found Vaic's Antique Weapon Emporium.
 30389 | Bazaar   | Found Ruastoa's Book Boutique.
 30406 | Bazaar   | Found Vasi's Antique Weapon Shoppe.
 30477 | Elf:1    | Found a ruined gateway.
 30487 | Desolati | Entered the Desolation of Salt
 30536 | Desolati | Reached skill level 5 in Invocations
 30839 | Desolati | Identified a scroll of acquirement
 31155 | Desolati | Received a gift from Okawaru
 31594 | Desolati | Reached skill level 10 in Polearms
 31987 | Desolati | Identified Sif Muna's Guide on Icy Enhancements
 31991 | Desolati | Got a wavering ivory ring
 31997 | Desolati | Got a vibrating diamond amulet
 32035 | Desolati | Identified the amulet of Odimaun {Reflect rElec MR+ Str+3
                  | SH+2} (You found it in the Desolation of Salt)
 32047 | Desolati | Identified the ring "Zokaun" {rPois rC+ MR+ Str+5 Slay-4}
                  | (You found it in the Desolation of Salt)
 32099 | Desolati | Reached XP level 17. HP: 98/133 MP: 21/21
 32239 | Desolati | Received a gift from Okawaru
 32242 | Desolati | Got a pitted scale mail {god gift}
 32253 | Desolati | Identified the +4 scale mail "Pusmud" {*Drain rN++}
                  | (Okawaru gifted it to you in the Desolation of Salt)
 33768 | Elf:2    | Got a smoking sapphire amulet
 33770 | Elf:2    | Identified the amulet "Fevad" {Harm *Drain +Inv rPois rF-
                  | MR++} (You acquired it on level 2 of the Elven Halls)
 33861 | Elf:2    | Found a runed gate.
 33863 | Elf:2    | Found a runed gate.
 33867 | Elf:2    | Reached skill level 15 in Shields
 33868 | Elf:2    | Found a runed gate.
 33914 | Elf:2    | Found Ygyimmia's Antique Armour Emporium.
 34568 | Elf:2    | Received a gift from Okawaru
 34933 | Elf:3    | Entered Level 3 of the Elven Halls
 35069 | Elf:3    | Noticed a deep elf blademaster
 35075 | Elf:3    | Noticed a Brimstone Fiend
 35428 | Elf:3    | Noticed Roxanne
 35456 | Elf:3    | Killed Roxanne
 35753 | Elf:3    | Gained mutation: Your flesh is heat resistant. (rF+)
                  | [demonic ancestry]
 35753 | Elf:3    | Reached XP level 18. HP: 129/142 MP: 22/22
 35908 | Elf:3    | Received a gift from Okawaru
 36047 | Elf:3    | Identified the +7 battleaxe of Qez Vayg {chop, rC+ Dex+2}
 36124 | Elf:3    | Identified the ring of Aliynn {MR+ Dex+4 SInv}
 36326 | Elf:3    | Noticed a Tzitzimitl
 36574 | Elf:3    | Cast into level 3 of the Abyss (a deep elf demonologist)
 36690 | Abyss:3  | Noticed a lich
 36707 | Abyss:3  | Killed a lich
 36817 | Abyss:3  | Reached skill level 16 in Shields
 36932 | Elf:3    | Escaped the Abyss
 37009 | Elf:3    | Identified the +7 great sword of Haweoxop {freeze, *Corrode
                  | rN+ Dex+3}
 37009 | Elf:3    | Identified the ring of Qaofejag {Fire MR+ Str-2 Int+4}
 37396 | Elf:3    | Identified the +9 hand axe of the Warrior-Mage {venom,
                  | rElec rPois Int-5}
 37403 | Elf:3    | Identified the cursed +3 spear of Triumph {drain, MR+ Str+5
                  | SInv}
 37403 | Elf:3    | Identified the cursed +1 plate armour of Plasticity {*Drain
                  | Str+4 Stlth+}
 37827 | Elf:3    | Identified the Catalogue of the Eight Songs
 37861 | Elf:3    | Got a pair of brightly glowing boots
 37867 | Elf:3    | Got a pitted cloak
 37911 | Elf:3    | Identified the +2 pair of boots of Instinct {rC+ rN+ MR+}
                  | (You found it on level 3 of the Elven Halls)
 37922 | Elf:3    | Identified the +2 cloak of Ycwamegu {Dex+2 Slay+3} (You
                  | found it on level 3 of the Elven Halls)
 38161 | Elf:3    | Received a gift from Okawaru
 38672 | Depths:2 | Noticed a lich
 38679 | Depths:2 | Noticed a Tzitzimitl
 38680 | Depths:2 | Noticed an Ice Fiend
 38682 | Depths:2 | Noticed an Ice Fiend
 38969 | Depths:2 | Killed a lich
 39219 | Depths:2 | Noticed a juggernaut
 39484 | Depths:2 | Killed a juggernaut
 39484 | Depths:2 | Received a gift from Okawaru
 39701 | Depths:2 | Noticed a lich
 39717 | Depths:2 | Noticed an Ice Fiend
 39722 | Depths:2 | Killed a lich
 39735 | Depths:2 | Reached XP level 19. HP: 148/151 MP: 23/23
 40035 | Depths:2 | Identified the Incunabulum of Gliding Protection
 40051 | Depths:2 | Reached skill level 17 in Shields
 40071 | Depths:2 | Found a large runed door.
 40071 | Depths:2 | Found a large runed door.
 40253 | Depths:2 | Received a gift from Okawaru
 41504 | Depths:3 | Found a gateway to a ziggurat.
 42222 | Depths:3 | Received a gift from Okawaru
 42632 | Depths:3 | Found a one-way gate leading to the halls of Pandemonium.
 43037 | Depths:3 | Noticed a hellephant
 43077 | Depths:3 | Reached skill level 18 in Shields
 43087 | Depths:3 | Killed a hellephant
 43305 | Depths:3 | Received a gift from Okawaru
 43661 | Depths:3 | Received a gift from Okawaru
 43667 | Depths:3 | Gained mutation: You frequently emit foul miasma when
                  | damaged in melee. [demonic ancestry]
 43667 | Depths:3 | Reached XP level 20. HP: 160/160 MP: 24/24
 44268 | Depths:3 | Reached skill level 15 in Polearms
 44706 | Depths:4 | Found a one-way gate to the infinite horrors of the Abyss.
 44757 | Depths:4 | Received a gift from Okawaru
 44793 | Depths:4 | Noticed Xtahua
 44816 | Depths:4 | Killed Xtahua
 44943 | Depths:4 | Found Kauchefi's Elemental Accessories.
 45480 | Depths:4 | Got a twisted chain mail
 45491 | Depths:4 | Identified the cursed +1 chain mail of the Kettle-Drum
                  | {rC+} (You found it on level 4 of the Depths)
 45827 | Depths:4 | Noticed an ancient lich
 45845 | Depths:4 | Killed an ancient lich
 45845 | Depths:4 | Received a gift from Okawaru
 45845 | Depths:4 | Reached skill level 15 in Fighting
 45863 | Depths:4 | Identified the Papyrus of Flying Execration
 45985 | Depths:5 | Entered Level 5 of the Depths
 46118 | Depths:5 | Reached skill level 19 in Shields
 46858 | Depths:5 | Noticed a golden dragon
 46867 | Depths:5 | Killed a golden dragon
 46962 | Depths:5 | Found a gate to the Realm of Zot.
 47382 | Slime:1  | Entered Level 1 of the Pits of Slime
 47563 | Slime:1  | Received a gift from Okawaru
 47563 | Slime:1  | Reached XP level 21. HP: 68/169 MP: 16/25
 47566 | Slime:1  | Got a warped scale mail {god gift}
 47577 | Slime:1  | Identified the +3 scale mail of Punginerch {*Contam rElec
                  | rPois Int+4} (Okawaru gifted it to you on level 1 of the
                  | Pits of Slime)
 47591 | Slime:1  | Gained mutation: You are frail. (-10% HP) [mutagenic glow]
 47818 | Slime:1  | Lost mutation: You are frail. (-10% HP) [potion of
                  | mutation]
 47818 | Slime:1  | Gained mutation: You have sharp toenails. [potion of
                  | mutation]
 47818 | Slime:1  | Gained mutation: You evolve. [potion of mutation]
 48241 | Slime:4  | Gained mutation: You tend to lose your temper in combat. [a
                  | shining eye]
 48297 | Slime:5  | Entered Level 5 of the Pits of Slime
 48466 | Slime:5  | Found a viscous altar of Jiyva.
 48483 | Slime:5  | Noticed the Royal Jelly
 48523 | Slime:5  | Killed the Royal Jelly
 48674 | Slime:5  | Gained mutation: You are resistant to hostile enchantments.
                  | (MR+) [evolution]
 49176 | Slime:5  | Got a slimy rune of Zot
 49246 | Slime:5  | Got a translucent bronze amulet
 49325 | Slime:5  | Identified the amulet of Miusmahe {+Fly rF- Regen+ Str+7
                  | Int-5} (You found it on level 5 of the Pits of Slime)
 49393 | Slime:5  | Gained mutation: Your body sometimes deteriorates upon
                  | taking damage. [a shining eye]
 49714 | Lair:5   | Lost mutation: You have sharp toenails. [potion of
                  | mutation]
 49714 | Lair:5   | Lost mutation: Your body sometimes deteriorates upon taking
                  | damage. [potion of mutation]
 49714 | Lair:5   | Lost mutation: You are resistant to hostile enchantments.
                  | (MR+) [potion of mutation]
 49714 | Lair:5   | Gained mutation: You are completely covered in large bone
                  | plates. (SH +8) [potion of mutation]
 49714 | Lair:5   | Gained mutation: You often lose your temper in combat.
                  | [potion of mutation]
 49714 | Lair:5   | Gained mutation: Your muscles are strong. (Str +2) [potion
                  | of mutation]
 49715 | Lair:5   | Lost mutation: You often lose your temper in combat.
                  | [potion of mutation]
 49715 | Lair:5   | Lost mutation: Your muscles are strong. (Str +2) [potion of
                  | mutation]
 49715 | Lair:5   | Lost mutation: You tend to lose your temper in combat.
                  | [potion of mutation]
 49715 | Lair:5   | Gained mutation: You are clumsy. (Dex -2) [potion of
                  | mutation]
 49715 | Lair:5   | Gained mutation: You have sharp toenails. [potion of
                  | mutation]
 49807 | Snake:1  | Entered Level 1 of the Snake Pit
 50335 | Snake:2  | Found the +7 great mace "Undeadhunter" {disrupt, rN+}
 50367 | Snake:2  | Found an ornate altar of the Wu Jian Council.
 50908 | Snake:3  | Received a gift from Okawaru
 50929 | Snake:3  | Reached skill level 20 in Shields
 51525 | Snake:4  | Entered Level 4 of the Snake Pit
 51761 | Snake:4  | Noticed Vashnia
 52444 | Snake:4  | Mutation became permanent: You are mostly covered in large
                  | bone plates. (SH +6) [demonic ancestry]
 52444 | Snake:4  | Gained mutation: You are completely covered in large bone
                  | plates. (SH +8) [demonic ancestry]
 52444 | Snake:4  | Reached XP level 22. HP: 138/178 MP: 26/26
 52516 | Snake:4  | Killed Vashnia
 52640 | Snake:4  | Received a gift from Okawaru
 52662 | Snake:4  | Identified a +2 pair of boots of running (Okawaru gifted it
                  | to you on level 4 of the Snake Pit)
 52776 | Snake:4  | Got a serpentine rune of Zot
 53114 | Snake:4  | Lost mutation: You are clumsy. (Dex -2) [evolution]
 53114 | Snake:4  | Lost mutation: You evolve. [end of evolution]
 53758 | Vaults:1 | Entered Level 1 of the Vaults
 54521 | Vaults:1 | Found Zoys's Weapon Shop.
 55531 | Vaults:2 | Found Rarawitz's Gadget Boutique.
 55532 | Vaults:2 | Noticed Sojobo
 55552 | Vaults:2 | Reached skill level 21 in Shields
 55557 | Vaults:2 | Killed Sojobo
 55692 | Vaults:2 | Found Rioky's Armour Shoppe.
 55692 | Vaults:2 | Found Piosar's Weapon Shoppe.
 55700 | Vaults:2 | Received a gift from Okawaru
 55780 | Vaults:2 | Got a jewelled chain mail {god gift}
 55791 | Vaults:2 | Identified the +8 chain mail of Ulemmun {Str+5} (Okawaru
                  | gifted it to you on level 2 of the Vaults)
 55803 | Vaults:2 | Found Pethy's Book Shoppe.
 56309 | Vaults:3 | Identified the Grimoire of Boosting Confrontation
 56850 | Vaults:3 | Gained mutation: You are immune to clouds of flame.
                  | [demonic ancestry]
 56850 | Vaults:3 | Reached XP level 23. HP: 168/187 MP: 27/27
 57133 | Vaults:3 | Found a staircase to the Crypt.
 57173 | Vaults:3 | Noticed Mara
 57194 | Vaults:3 | Noticed galech's illusion
 57232 | Vaults:3 | Killed Mara
 57697 | Vaults:4 | Received a gift from Okawaru
 58081 | Vaults:4 | Found Ethraenk's Assorted Antiques.
 58763 | Vaults:4 | Received a gift from Okawaru
 58768 | Vaults:4 | Reached skill level 22 in Shields
 58863 | Vaults:5 | Entered Level 5 of the Vaults
 59549 | Vaults:5 | Gained mutation: You can hurl damnation. [demonic ancestry]
 59549 | Vaults:5 | Reached XP level 24. HP: 188/197 MP: 27/27
 59603 | Vaults:5 | HP: 8/197 [titan/bolt of lightning (12)]
 60214 | Vaults:5 | Received a gift from Okawaru
 60235 | Vaults:5 | Got a crude large shield {god gift}
 60246 | Vaults:5 | Identified the +1 large shield of Lifelessness {-Tele
                  | *Drain rPois rF+++} (Okawaru gifted it to you on level 5 of
                  | the Vaults)
 61252 | Vaults:5 | Got a smoking cloak
 61263 | Vaults:5 | Identified the +3 cloak of Asycs {rElec Dex+6 Slay-5} (You
                  | found it on level 5 of the Vaults)
 61285 | Vaults:5 | Identified the Incunabulum of Fiery Darkness
 61412 | Vaults:5 | Identified the ring of the Firefly {Wiz +Blink rPois Dex+4}
 61436 | Vaults:5 | Got a silver rune of Zot
 61736 | Vaults:5 | Identified the ring of Wisdom {+Fly rC+ Str+4 Int+3 SInv}
 62131 | Shoals:1 | Entered Level 1 of the Shoals
 63416 | Shoals:2 | Found a runed gate.
 63416 | Shoals:2 | Found a runed gate.
 63417 | Shoals:2 | Found a runed gate.
 63418 | Shoals:2 | Noticed Goad's ghost (adept MfBe)
 63419 | Shoals:2 | Noticed Todyroat's ghost (journeyman SpVM)
 63443 | Shoals:2 | Killed Goad's ghost
 63450 | Shoals:2 | Killed Todyroat's ghost
 64180 | Shoals:3 | Reached skill level 23 in Shields
 64559 | Shoals:4 | Entered Level 4 of the Shoals
 64756 | Shoals:4 | Reached skill level 10 in Dodging
 65041 | Shoals:4 | Received a gift from Okawaru
 65554 | Shoals:4 | Identified Hermeneutics Continued
 65675 | Shoals:4 | Got a barnacled rune of Zot
 66264 | Depths:5 | Voluntarily entered the Abyss.
 66293 | Abyss:1  | Received a gift from Okawaru
 66303 | Abyss:1  | Reached XP level 25. HP: 206/206 MP: 28/28
 66452 | Abyss:2  | Found an ancient bone altar of Kikubaaqudgha.
 66586 | Abyss:3  | Got an abyssal rune of Zot
 66595 | Depths:5 | Escaped the Abyss
 66861 | Crypt:1  | Entered Level 1 of the Crypt
 67049 | Crypt:1  | Reached skill level 10 in Stealth
 67988 | Crypt:2  | Noticed Mennas
 68037 | Crypt:2  | Killed Mennas
 68037 | Crypt:2  | Received a gift from Okawaru
 68037 | Crypt:2  | Reached skill level 15 in Armour
 68258 | Crypt:2  | Got an ancient chain mail
 68269 | Crypt:2  | Identified the +5 chain mail of Igemuul {rElec} (You found
                  | it on level 2 of the Crypt)
 68357 | Crypt:2  | Found a huge runed gate.
 68358 | Crypt:2  | Found a huge runed gate.
 68358 | Crypt:2  | Found a huge runed gate.
 68358 | Crypt:2  | Found a huge runed gate.
 68359 | Crypt:2  | Found a huge runed gate.
 68359 | Crypt:2  | Found a huge runed gate.
 68362 | Crypt:2  | Found a huge runed gate.
 68362 | Crypt:2  | Found a huge runed gate.
 68365 | Crypt:2  | Identified the +3 war axe "Cicodiev" {drain, rPois Int+6}
 68402 | Crypt:2  | Reached skill level 24 in Shields
 68720 | Crypt:3  | Entered Level 3 of the Crypt
 68970 | Crypt:3  | Received a gift from Okawaru
 69036 | Crypt:3  | Identified Kikubaaqudgha's Volume of Sinister Rites
 69082 | Crypt:3  | Noticed an ancient lich
 69083 | Crypt:3  | Found an ancient bone altar of Kikubaaqudgha.
 69090 | Crypt:3  | Killed an ancient lich
 69355 | Crypt:3  | Noticed Khufu
 69355 | Crypt:3  | Noticed a greater mummy
 69398 | Crypt:3  | Killed Khufu
 69474 | Crypt:3  | Noticed a greater mummy
 69486 | Crypt:3  | Killed a greater mummy
 69898 | Crypt:3  | Found a staircase to the Tomb.
 70084 | Crypt:3  | Killed a greater mummy
 70084 | Crypt:3  | Received a gift from Okawaru
 70084 | Crypt:3  | Gained mutation: A powerful demonic guardian rushes to your
                  | aid. [demonic ancestry]
 70084 | Crypt:3  | Reached XP level 26. HP: 163/217 MP: 28/28
 70280 | Crypt:3  | Got a pair of jewelled gloves {god gift}
 70291 | Crypt:3  | Identified the +2 pair of gloves of Sorcery {+Blink MR+
                  | Int+2 Stlth+} (Okawaru gifted it to you on level 3 of the
                  | Crypt)
 70699 | Crypt:3  | Upgraded the game from 0.23-a0-333-g006994f to
                  | 0.23-a0-338-g8ff0b24
 70983 | Depths:5 | Got a pitted amethyst amulet
 70986 | Depths:5 | Identified the amulet "Numn" {Acrobat rPois rN++ MR+
                  | Stlth+} (You acquired it on level 5 of the Depths)
 71071 | Zot:1    | Entered Level 1 of the Realm of Zot
 72286 | Zot:1    | Received a gift from Okawaru
 73038 | Zot:2    | Reached skill level 25 in Shields
 73117 | Zot:2    | Noticed an orb of fire
 73431 | Zot:2    | Identified the +4 dragonskin cloak
 73431 | Zot:2    | Noticed Tiamat
 73471 | Zot:2    | Received a gift from Okawaru
 73483 | Zot:2    | Killed Tiamat
 74117 | Zot:3    | Received a gift from Okawaru
 74143 | Zot:3    | Found a runed gate.
 74143 | Zot:3    | Found a runed gate.
 74144 | Zot:3    | Found a runed gate.
 74146 | Zot:3    | Noticed Nusoar's ghost (master MiBe)
 74243 | Zot:3    | Killed Nusoar's ghost
 74544 | Zot:3    | Reached XP level 27. HP: 226/226 MP: 13/28
 75049 | Zot:4    | Received a gift from Okawaru
 75057 | Zot:4    | Got a dazzling chain mail {god gift}
 75068 | Zot:4    | Identified the +0 chain mail of Ypiehoig {rElec MR+}
                  | (Okawaru gifted it to you on level 4 of the Realm of Zot)
 75428 | Zot:5    | Entered Level 5 of the Realm of Zot
 75563 | Hell     | Entered the Vestibule of Hell
 75563 | Hell     | Noticed Geryon
 77172 | Hell     | Killed Geryon
 78431 | Hell     | Reached skill level 26 in Shields
 78695 | D:11     | Bought 3 scrolls of blinking for 720 gold pieces
 78892 | Hell     | Found a gateway to the decaying netherworld of Tartarus.
 79094 | Hell     | Found a gateway to the freezing wastes of Cocytus.
 79232 | Hell     | Found a gateway to the Iron City of Dis.
 79289 | Hell     | Found a gateway to the ashen valley of Gehenna.
 79532 | Coc:1    | Entered Level 1 of Cocytus
 79544 | Coc:1    | Received a gift from Okawaru
 79890 | Coc:3    | Received a gift from Okawaru
 80056 | Coc:3    | Gained mutation: You expend magic power (3 MP) to
                  | strengthen your wands. [mutagenic glow]
 81110 | Coc:5    | Received a gift from Okawaru
 81748 | Coc:7    | Entered Level 7 of Cocytus
 81762 | Coc:7    | Reached skill level 27 in Shields
 82016 | Coc:7    | Received a gift from Okawaru
 82587 | Coc:7    | Noticed the Serpent of Hell
 82613 | Coc:7    | Killed the Serpent of Hell
 83578 | Coc:7    | HP: 8/231 [eight-headed hydra skeleton (8)]
 83588 | Coc:7    | HP: 7/231 [Ice Fiend (6)]
 83593 | Coc:7    | HP: 8/231 [blizzard demon/bolt of lightning (10)]
 83593 | Coc:7    | HP: 2/231 [blizzard demon/bolt of lightning (6)]
 83595 | Coc:7    | Killed from afar by a blizzard demon

Vault maps used:
D:1:      dpeg_arrival_simpleton_c
D:2:      old_standard_altar
D:3:      zin_angel, gammafunk_ghost_arena, wad_floor_pattern_untrapped,
          cheibriados_altar_1, uniq_jessica
D:4:      old_standard_altar, ebering_ghost_gozag, minmay_bent
D:5:      lemuel_doored_altar, first_ration, portal_sewer_entry_e,
          hangedman_decor_slide_cut
D:6:      minmay_temple_entry_junction, serial_shops, shop, uniq_blork_the_orc
D:7:      kennysheep_mini, kennysheep_mini_moat, eat_drink_and_be_merry_uskayaw,
          uniq_pikel, uniq_duvessa, uniq_crazy_yiuf_cottage
D:8:      lemuel_crystal_altar, kennysheep_little_box, serial_shops, shop
D:9:      lemuel_crystal_altar, yredelemnul_altar_generic, vehumet_statue,
          nemelex_xobeh_ov_fountains_minmay, minmay_lair_entry_grove,
          serial_shops, nicolae_shop_trees, david_nohive_1
D:10:     uniq_erolcha, uniq_nergalle
D:11:     serial_shops, nicolae_shop_behind_doors, gammafunk_ghost_smash,
          minmay_nine_imps
D:12:     kennysheep_orc_monster_closet_entryway,
          portal_ice_cave_entry_pillars_1, grunt_ministairs_2, nrook_mini_vaults
D:13:     lightli_vaults_fourway_checkpoint, special_room, dk_noncrumbling_4
D:14:     serial_bayou_pond_c, uniq_snorg
D:15:     hangedman_depths_entry_civil_slaughter, amethyst_killhole
Temple:   pf_slimified_temple
Lair:1:   serial_bayou_shore_b, infiniplex_staircase_pool
Lair:2:   minmay_shoals_entry_lonely_mermaid,
          minmay_snake_entry_guardpost_small, gammafunk_ghost_split,
          zaba_antful_of_joy
Lair:3:   gammafunk_ghost_hive
Lair:4:   grunt_megastairs_3
Lair:5:   minmay_slime_entry_pillars, serial_bayou_shore_b, grunt_megastairs_2,
          serial_bayou_shore_a, lemuel_fruit_tree, infiniplex_staircase_pool_2
Lair:6:   evilmike_catoblepas_cave, grunt_megastairs_4, serial_bayou_shore_b
Shoals:1: nicolae_shoals_loop_pool
Shoals:2: gammafunk_ghost_cemetery
Shoals:4: shoals_end_simple, nicolae_shoals_drake_roost
Snake:2:  nicolae_snake_nest, basic_altar, grunt_ministairs_8
Snake:3:  serial_bayou_lake_a
Snake:4:  johnstein_snake_rune_scales
Orc:1:    mines_bat_river
Orc:2:    grunt_orc_tribal_feast, gammafunk_ghost_arena, uniq_donald
Elf:1:    portal_desolation_entry_garden, serial_shops, bzr_entry_water,
          hangedman_elf_represent
Elf:2:    serial_shops, shop, basic_stair_grate_trap
Elf:3:    minmay_elf_hall_curves, minmay_misc_feat_ornament, uniq_roxanne
Vaults:1: vaults_room_ringed_pool, nicolae_vaults_puzzle_piece,
          nicolae_vaults_theta, v_misc_29, v_misc_10, serial_shops,
          shop_fountains
Vaults:2: nicolae_vaults_gold_heap, hangedman_vaults_trim,
          hangedman_vaults_hard_town_square, nicolae_vaults_sealed_display,
          nicolae_vaults_border_crossing, nicolae_vaults_little_squares_6,
          v_pattern_1, serial_shops, shop, uniq_sojobo
Vaults:3: minmay_crypt_entry_nasty_monster, grunt_vaults_diagonal,
          nicolae_vaults_theta, ontoclasm_vaults_spin, grunt_vaults_trifunnel,
          ontoclasm_vaults_ring_large, ontoclasm_vaults_fault,
          nicolae_vaults_three_branches, v_misc_10,
          nicolae_vaults_little_squares_4, ontoclasm_vaults_ligature,
          nicolae_vaults_ring_of_whatevers, vaults_room_hallway, uniq_mara
Vaults:4: hangedman_vaults_nails, nicolae_vaults_little_squares_2, st_lattice,
          v_misc_13, v_misc_14, vaults_room_grid, v_misc_1,
          vaults_mumra_minichess_inversion, vaults_room_mumra_shop_pool,
          nicolae_vaults_little_squares_1, v_misc_11
Vaults:5: serial_shops
Crypt:1:  grunt_ministairs_7
Crypt:2:  cheibrodos_crypt_3hun_7po, uniq_mennas
Crypt:3:  cryptofortress_bobbens, uniq_khufu
Depths:1: minmay_box_of_statues, serial_shops, shop_statue, grunt_hell_horde,
          minmay_misc_feat_iff, minmay_orc_keep, minmay_shoptagon, firewood_loft
Depths:2: lightli_eight_chambers, serial_curves, eino_curves_02, eino_curves_01,
          hangedman_geh_valley, basic_loot_grate_trap,
          hangedman_abyss_or_decor_passed, kennysheep_random_hallway
Depths:3: mu_elephants_graveyard, enter_ziggurat_c, grunt_pan_entry_spiral,
          grunt_hell_entry_dis_grunt, uniq_jory
Depths:4: constructs_gauntlet_mu_hangedman, hangedman_abyss_or_decor_stabs,
          abyss_entry, pf_hell_entry_tar_spiral, nicolae_elemental_shop,
          minmay_staircase_statues, uniq_xtahua
Depths:5: evilmike_zot_entry_gauntlet, hangedman_decor_push, hell_entry,
          abyss_entry
Coc:2:    lemuel_elevator
Coc:4:    serial_ice
Coc:7:    coc_hangedman
Zot:1:    grunt_megastairs_1
Zot:2:    nrook_zot_tub, uniq_tiamat
Zot:3:    gammafunk_ghost_necromancy
Abyss:2:  hangedman_abyss_shoalhut
Abyss:3:  evilmike_abyss_exit_17, evilmike_abyss_exit_smiterflies,
          due_evilmike_abyss_rune_seething_liches, minivault_28,
          guppyfry_abyss_exit_glass_guarded, grunt_abyss_rune_forest_and_sorcery
Bazaar:   bazaar_jpeg_circle_common
Sewer:    sewer_frog_island_02
IceCv:    ice_cave_small_demon

Skill      XL: |  1  2  3  4  5  6  7  8  9 10 11 12 13 14 15 16 17 18 19 20 21 22 23 24 25 26 27 |
---------------+----------------------------------------------------------------------------------+-----
Axes           | 2 3 4 5 7 8 9 10 12 14 16 | 16.3
Shields        | 3 4 5 6 7 8 10 11 12 13 14 15 16 18 19 20 21 22 23 24 25 27 | 27.0
Armour         | 3 4 5 6 7 8 9 10 11 12 13 14 15 | 15.9
Dodging        | 1 2 3 4 5 6 7 8 9 10 12 | 12.0
Stealth        | 1 2 3 4 5 6 7 8 9 10 11 12 | 12.0
Fighting       | 4 5 6 7 9 10 11 12 13 14 15 16 17 18 19 20 22 | 22.3
Invocations    | 1 2 3 4 5 6 7 8 |  8.6
Polearms       | 7 10 12 13 14 15 17 18 19 20 21 | 21.7
Unarmed Combat | |  0.1
Evocations     | |  0.9

Action                   |  1- 3 |  4- 6 |  7- 9 | 10-12 | 13-15 | 16-18 | 19-21 | 22-24 | 25-27 || total
-------------------------+-------+-------+-------+-------+-------+-------+-------+-------+-------++-------
Melee: War axe           |    54 |       |       |       |       |       |       |       |       ||    54
       Hand axe          |    46 |   107 |   391 |   624 |       |       |       |       |       ||  1168
       Unarmed           |       |       |     1 |       |       |       |       |       |       ||     1
       Broad axe         |       |       |       |    51 |   606 |       |       |       |       ||   657
       Executioner's axe |       |       |       |       |    45 |       |       |       |       ||    45
       Lance             |       |       |       |       |   830 |  2446 |  2220 |  2531 |  3924 || 11951
Invok: Heroism           |       |       |     2 |     8 |    15 |    23 |     6 |     3 |     6 ||    63
       Finesse           |       |       |       |     1 |     5 |     8 |     1 |     2 |     7 ||    24
 Abil: Stop Flying       |       |       |       |       |     1 |       |       |       |       ||     1
       Evoke Flight      |       |       |       |       |       |       |     1 |       |       ||     1
       Hurl Damnation    |       |       |       |       |       |       |       |     1 |       ||     1
Evoke: Wand              |       |       |       |       |       |       |     1 |       |       ||     1
  Use: Scroll            |     3 |       |     1 |     9 |     8 |    18 |     9 |     4 |     4 ||    56
       Potion            |     1 |       |       |       |     1 |     8 |     5 |     2 |    13 ||    30
 Stab: Sleeping          |       |     1 |    11 |     7 |       |     2 |     3 |     9 |    19 ||    52
       Distracted        |       |       |     2 |     6 |     7 |    21 |    25 |    15 |    18 ||    94
       Petrifying        |       |       |       |       |       |     2 |       |       |       ||     2
       Paralysed         |       |       |       |       |       |     2 |       |       |       ||     2
       Held in net/web   |       |       |       |       |       |       |       |       |     3 ||     3
  Eat: Chunk             |     2 |     3 |    15 |    20 |    36 |    24 |    26 |    41 |    32 ||   199
       Ration            |       |     1 |       |     2 |       |     5 |     5 |     2 |     7 ||    22
Armor: Scale mail        |    27 |    28 |     4 |       |       |       |       |       |       ||    59
       Ring mail         |       |       |    91 |    41 |       |       |       |       |       ||   132
       Chain mail        |       |       |       |    82 |   243 |   294 |   307 |   169 |   614 ||  1709
Dodge: Dodged            |    23 |    19 |    89 |   122 |   184 |   273 |   361 |   273 |  1033 ||  2377
Block: Shield            |    63 |    69 |   286 |   587 |   387 |   440 |       |       |       ||  1832
       Reflection        |     1 |       |     3 |    39 |    13 |    94 |   139 |   271 |    39 ||   599
       Large shield      |       |       |       |       |   577 |   880 |  1873 |  1759 |  3502 ||  8591
       Other             |       |       |       |       |     9 |       |       |       |    13 ||    22

Table legend:
 A = Non-vault XP
 B = Vault XP
 C = Vault XP percentage of total XP
 D = Non-vault monster count
 E = Vault monster count
 F = Vault count percentage of total count
                 A         B        C        D         E       F
            +---------+---------+-------+---------+---------+-------
      Total | 1015316 |  868113 |  46.1 |    1771 |    1222 |  40.8
            +---------+---------+-------+---------+---------+-------
        D:1 |      40 |       0 |   0.0 |      22 |       0 |   0.0
        D:2 |      35 |       0 |   0.0 |      11 |       0 |   0.0
        D:3 |     284 |     239 |  45.7 |      13 |       7 |  35.0
        D:4 |     366 |     305 |  45.5 |      18 |       6 |  25.0
        D:5 |     249 |      10 |   3.9 |       7 |       8 |  53.3
        D:6 |     707 |      89 |  11.2 |      24 |       1 |   4.0
        D:7 |     280 |     933 |  76.9 |       4 |       4 |  50.0
        D:8 |     861 |     138 |  13.8 |      16 |       2 |  11.1
        D:9 |     911 |    1972 |  68.4 |      14 |      27 |  65.9
       D:10 |     860 |    1786 |  67.5 |       5 |       2 |  28.6
       D:11 |    4388 |    3310 |  43.0 |      22 |      14 |  38.9
       D:12 |    1261 |    1764 |  58.3 |      11 |      22 |  66.7
       D:13 |    5657 |    7126 |  55.7 |      22 |      32 |  59.3
       D:14 |    3617 |     961 |  21.0 |      12 |       1 |   7.7
       D:15 |   11237 |    5952 |  34.6 |      36 |       8 |  18.2
     Lair:1 |    2427 |       0 |   0.0 |      11 |       0 |   0.0
     Lair:2 |    2986 |    5805 |  66.0 |      12 |      45 |  78.9
     Lair:3 |    2359 |    2076 |  46.8 |      11 |       9 |  45.0
     Lair:4 |    8007 |       0 |   0.0 |      39 |       0 |   0.0
     Lair:5 |    6768 |     881 |  11.5 |      27 |       6 |  18.2
     Lair:6 |   16185 |   10172 |  38.6 |      45 |      25 |  35.7
   Shoals:1 |   13704 |       0 |   0.0 |      31 |       0 |   0.0
   Shoals:2 |    4120 |    3606 |  46.7 |      10 |       2 |  16.7
   Shoals:3 |   13865 |       0 |   0.0 |      28 |       0 |   0.0
   Shoals:4 |   29159 |   22439 |  43.5 |      50 |      46 |  47.9
    Snake:1 |    8273 |       0 |   0.0 |      16 |       0 |   0.0
    Snake:2 |   14181 |    2845 |  16.7 |      26 |       2 |   7.1
    Snake:3 |   23609 |       0 |   0.0 |      48 |       0 |   0.0
    Snake:4 |   20574 |   40378 |  66.2 |      40 |      64 |  61.5
    Slime:1 |   11095 |       0 |   0.0 |      19 |       0 |   0.0
    Slime:2 |    3047 |       0 |   0.0 |      10 |       0 |   0.0
    Slime:3 |    6003 |       0 |   0.0 |      14 |       0 |   0.0
    Slime:4 |    4001 |       0 |   0.0 |       6 |       0 |   0.0
    Slime:5 |    5899 |   29293 |  83.2 |       7 |      14 |  66.7
      Orc:1 |    2217 |      11 |   0.5 |       9 |       5 |  35.7
      Orc:2 |    1981 |    9780 |  83.2 |      30 |      34 |  53.1
      Elf:1 |   16945 |    5813 |  25.5 |      35 |       9 |  20.5
      Elf:2 |   12982 |   22840 |  63.8 |      25 |      30 |  54.5
      Elf:3 |   16359 |   36083 |  68.8 |      27 |      29 |  51.8
   Vaults:1 |   17162 |    7221 |  29.6 |      35 |      16 |  31.4
   Vaults:2 |   18791 |   29561 |  61.1 |      35 |      27 |  43.5
   Vaults:3 |   26308 |   27420 |  51.0 |      44 |      30 |  40.5
   Vaults:4 |   32397 |   51193 |  61.2 |      59 |      58 |  49.6
   Vaults:5 |   12785 |   86855 |  87.2 |      20 |      58 |  74.4
    Crypt:1 |   22899 |     550 |   2.3 |      38 |       2 |   5.0
    Crypt:2 |   33563 |   18793 |  35.9 |      46 |      11 |  19.3
    Crypt:3 |       0 |   81768 | 100.0 |       0 |      95 | 100.0
   Depths:1 |   33037 |   24327 |  42.4 |      48 |      42 |  46.7
   Depths:2 |   20302 |   49640 |  71.0 |      25 |      49 |  66.2
   Depths:3 |   46984 |   22093 |  32.0 |      62 |      29 |  31.9
   Depths:4 |   24019 |   24686 |  50.7 |      28 |      21 |  42.9
   Depths:5 |   38285 |   44869 |  54.0 |      44 |      54 |  55.1
       Hell |   17227 |   19252 |  52.8 |      29 |      30 |  50.8
      Coc:1 |    3323 |       0 |   0.0 |       5 |       0 |   0.0
      Coc:2 |   37762 |       0 |   0.0 |      45 |       0 |   0.0
      Coc:3 |   18857 |       0 |   0.0 |      25 |       0 |   0.0
      Coc:4 |   38573 |       0 |   0.0 |      44 |       0 |   0.0
      Coc:5 |   35866 |       0 |   0.0 |      70 |       0 |   0.0
      Coc:6 |   15972 |       0 |   0.0 |      36 |       0 |   0.0
      Coc:7 |   54521 |   52510 |  49.1 |      76 |      54 |  41.5
      Zot:1 |   62424 |   11919 |  16.0 |      46 |       8 |  14.8
      Zot:2 |   30727 |   23836 |  43.7 |      21 |      11 |  34.4
      Zot:3 |   44496 |   17039 |  27.7 |      27 |      14 |  34.1
      Zot:4 |   30867 |       0 |   0.0 |      17 |       0 |   0.0
    Abyss:1 |    5774 |    2129 |  26.9 |       5 |       1 |  16.7
    Abyss:3 |   14896 |   17916 |  54.6 |      28 |      18 |  39.1
      Sewer |       0 |     322 | 100.0 |       0 |      51 | 100.0
      IceCv |       0 |    3348 | 100.0 |       0 |      24 | 100.0
 Desolation |       0 |   34259 | 100.0 |       0 |      65 | 100.0
            +---------+---------+-------+---------+---------+-------
